 Dungeon Crawl Stone Soup version 0.28-a0-445-g51f8dfeb47 (webtiles) character file.

Game seed: 2680941086089778393

122455 Morbidden the Thaumaturge (level 16, -1/120 HPs)
             Began as a Demonspawn Fire Elementalist on Sept 13, 2021.
             Was a High Priest of Vehumet.
             Slain by a six-headed hydra (11 damage)
             ... on level 2 of the Lair of Beasts.
             The game lasted 01:11:05 (30220 turns).

Morbidden the Thaumaturge (DsFE)                   Turns: 30220, Time: 01:11:06

Health: -1/120     AC:  0    Str: 11    XL:     16   Next: 34%
Magic:  0/42       EV: 17    Int: 25    God:    Vehumet [*****.]
Gold:   4063       SH:  0    Dex: 16    Spells: 12/41 levels left

rFire   . . .      SeeInvis .   (weapon currently unavailable)
rCold   . . .      Faith    .   (shield currently unavailable)
rNeg    . . .      Spirit   +   (armour currently unavailable)
rPois   .          Reflect  .   (helmet currently unavailable)
rElec   .          Harm     .   (cloak currently unavailable)
rCorr   +          Rampage  .   (gloves currently unavailable)
Will    +....                   (boots currently unavailable)
Stlth   ++........              M - amulet of Qyid {Spirit *Slow rCorr MP+9 Stlth-}
HPRegen 0.30/turn               (ring currently unavailable)
MPRegen 0.28/turn               (ring currently unavailable)

@: pig-form, studying Ice Magic, very quick
A: fast, no casting, small, (antennae 2), icemail 1, big brain 3, condensation
shield, demonic magic 2, corrupting presence 2, screaming 1
a: Renounce Religion


You were on level 2 of the Lair of Beasts.
You worshipped Vehumet.
Vehumet was extremely pleased with you.
You were a filthy swine.
You visited 6 branches of the dungeon, and saw 26 of its levels.
You also visited: Bailey, Gauntlet and Ice Cave.

You collected 5603 gold pieces.
You spent 1540 gold pieces at shops.

Inventory:

Hand Weapons
 a - a +8 spectral quick blade (melded)
 W - a +4 dagger of draining
Missiles
 f - 2 throwing nets
 E - 7 curare-tipped darts
 O - 11 javelins
 X - 68 boomerangs
Armour
 v - a +1 troll leather armour (melded)
 x - a +0 pair of gloves (melded)
 A - a scarf of invisibility (melded)
 C - a +0 chain mail of cold resistance
 I - a +2 kite shield (melded)
 Z - a +2 pair of boots of stealth (melded)
Jewellery
 d - a +6 ring of strength
 g - a ring of flight
 y - the ring of Qereum (melded) {Str+2 Int+3 Slay+4}
   (You bought it in a shop on level 2 of the Orcish Mines)

   [ring of slaying]

   Str:       It affects your strength (+2).
   Int:       It affects your intelligence (+3).
   Slay:      It affects your accuracy & damage with ranged weapons and melee
   (+4).
 B - a +4 ring of slaying (melded)
 F - an amulet of regeneration
 L - the ring of the Okapi {rF+ Int+6}
   (You found it on level 9 of the Dungeon)

   [ring of protection from fire]

   Int:       It affects your intelligence (+6).
   rF:        It protects you from fire.
 M - the amulet of Qyid (around neck) {Spirit *Slow rCorr MP+9 Stlth-}
   (You found it in an ice cave)

   [amulet of guardian spirit]

   It causes incoming damage to be divided between your reserves of health and
   magic.
   MP:        It affects your magic capacity (+9).
   rCorr:     It protects you from acid and corrosion.
   *Slow:     It may slow you when you take damage.
   Stlth:     It makes you less stealthy.
 U - a +4 ring of protection
 V - a ring of fire
Wands
 i - a wand of charming (19)
 n - a wand of mindburst (34)
 z - a wand of flame (114)
 D - a wand of digging (2)
 J - a wand of iceblast (23)
 S - a wand of acid (24)
 T - a wand of paralysis (7)
Scrolls
 c - 3 scrolls of blinking
 h - 3 scrolls of noise
 k - 2 scrolls of immolation
 o - 6 scrolls of amnesia
 q - 6 scrolls of teleportation
 r - 8 scrolls of identify
 t - 2 scrolls of fog
 G - a scroll of magic mapping
Potions
 b - 2 potions of lignification
 e - 7 potions of curing
 j - 3 potions of attraction
 l - a potion of resistance
 m - 4 potions of might
 p - 2 potions of mutation
 s - a potion of heal wounds
 u - 2 potions of flight
 w - 5 potions of haste
 H - 4 potions of brilliance
 K - 2 potions of berserk rage
 N - a potion of degeneration {unknown}
 P - 5 potions of ambrosia
 Q - 3 potions of invisibility
Miscellaneous
 R - a lightning rod (4/4)
 Y - a phantom mirror


   Skills:
 * Level 9.0 Fighting
 - Level 8.0(8.1) Short Blades
 * Level 1.8(5.3) Long Blades
 + Level 3.8 Armour
 * Level 5.8 Dodging
 + Level 4.6 Stealth
 + Level 2.9 Shields
 * Level 13.0 Spellcasting
 * Level 10.2 Conjurations
 * Level 3.6 Summonings
 * Level 10.1 Necromancy
 * Level 4.6 Transmutations
 + Level 12.1 Fire Magic
 * Level 8.2 Air Magic


You had 12 spell levels left.
You knew the following spells:

 Your Spells              Type           Power      Damage    Failure   Level
a - Foxfire               Conj/Fire      100%       2x1d9     1%          1
b - Scorch                Fire           100%       2d10      1%          2
c - Flame Wave            Conj/Fire      64%        3d11      1%          4
d - Necromutation         Tmut/Necr      26%        N/A       98%         8
e - Spellforged Servitor  Conj/Summ      25%        N/A       19%         7
x - Airstrike             Air            27%        N/A       1%          4
z - Vampiric Draining     Necr           30%        2d10      1%          3

Your spell library contained the following spells:

 Spells                   Type           Power      Damage    Failure   Level
 Irradiate                Conj/Tmut      26%        3d22      1%          5
 Freeze                   Ice            64%        1d8       1%          1
 Magic Dart               Conj           100%       1d8       1%          1
 Shock                    Conj/Air       100%       1d9       1%          1
 Summon Small Mammal      Summ           100%       N/A       1%          1
 Call Imp                 Summ           34%        N/A       1%          2
 Call Canine Familiar     Summ           34%        N/A       1%          3
 Conjure Flame            Conj/Fire      64%        6-21      1%          3
 Dazzling Flash           Conj/Hex       82%        N/A       1%          3
 Frozen Ramparts          Ice            32%        1d5       1%          3
 Inner Flame              Hex/Fire       46%        N/A       1%          3
 Mephitic Cloud           Conj/Pois/Air  47%        N/A       1%          3
 Spider Form              Tmut/Pois      14%        N/A       1%          3
 Summon Guardian Golem    Hex/Summ       25%        N/A       1%          3
 Swiftness                Air            55%        N/A       1%          3
 Fulminant Prism          Conj/Hex       20%        3d13      1%          4
 Iskenderun's Mystic Bla  Conj/Tloc      41%        2d9       1%          4
 Fireball                 Conj/Fire      32%        3d14      1%          5
 Lightning Bolt           Conj/Air       29%        1d45      1%          5
 Starburst                Conj/Fire      32%        6d10      1%          6
 Ensorcelled Hibernation  Hex/Ice        32%        N/A       2%          2
 Slow                     Hex            16%        N/A       2%          2
 Confusing Touch          Hex            16%        N/A       4%          3
 Ozocubu's Armour         Ice            16%        N/A       4%          3
 Yara's Violent Unravell  Hex/Tmut       14%        3d7       4%          5
 Orb of Destruction       Conj           30%        9d12      5%          7
 Ice Form                 Ice/Tmut       28%        N/A       6%          4
 Petrify                  Tmut/Erth      28%        N/A       6%          4
 Summon Ice Beast         Ice/Summ       25%        N/A       7%          4
 Lee's Rapid Deconstruct  Erth           8%         3d8*      11%         5
 Cause Fear               Hex            8%         N/A       14%         4
 Summon Forest            Summ/Tloc      12%        N/A       19%         5
 Summon Mana Viper        Hex/Summ       25%        N/A       19%         5
 Metabolic Englaciation   Hex/Ice        8%         N/A       36%         5
 Summon Cactus Giant      Summ           17%        N/A       43%         6
 Statue Form              Tmut/Erth      18%        N/A       61%         6
 Borgnjor's Revivificati  Necr           30%        N/A       78%         8
 Dragon Form              Tmut           19%        N/A       85%         7
 Lehudib's Crystal Spear  Conj/Erth      20%        10d6      90%         8
 Fire Storm               Conj/Fire      32%        8d8       94%         9
 Malign Gateway           Summ/Tloc      12%        N/A       99%         7
 Discord                  Hex            8%         N/A       100%        8
 Death's Door             Necr           30%        N/A       100%        9
 Dragon's Call            Summ           17%        N/A       100%        9
 Polar Vortex             Ice            8%         N/A       100%        9


Dungeon Overview and Level Annotations

Branches:
Dungeon (15/15)            Temple (1/1) D:5            Lair (6/6) D:9
  Swamp (1/4) Lair:2        Snake (1/4) Lair:2        Slime (0/5) Lair:6
    Orc (2/2) D:9             Elf (0/3) Orc:2        Vaults (0/5) D:14
 Bailey (visited)           IceCv (visited)         Gauntlet (visited)
 Depths: D:15

Altars:
Ashenzari
Cheibriados
Dithmenos
Elyvilon
Fedhas
Gozag
Hepliaklqana
Kikubaaqudgha
Makhleb
Nemelex Xobeh
Okawaru
Qazlal
Ru
Sif Muna
Trog
Uskayaw
Vehumet
Wu Jian
Xom
Yredelemnul
Zin
The Shining One
Beogh
Jiyva

Shops:
D:3 (   D:6 *   Orc:2 [*(=

Portals:
Hell: Lair:6

Annotations:
D:6 1 runed translucent door, Crazy Yiuf
Lair:1 2 runed translucent doors, Goom's ghost, journeyman OgBe
Lair:2 3 runed translucent doors, Kirke; TimeIsEndless's ghost, journeyman FoFi
Snake:1 Aizul; Mlioglotl


Innate Abilities, Weirdness & Mutations

You are a filthy swine.
You move quickly.
Your equipment is almost entirely melded.
You are incapable of wielding weapons or throwing items.
You cannot cast spells.
((You have a pair of antennae on your head.))
A meltable icy envelope protects you from harm. (AC +0)
You have an absolutely massive brain. (Int +6, Wiz)
A meltable shield of frost defends you. (SH +0)
Spells you cast may paralyse nearby enemies.
Your presence sometimes corrodes or deforms those you injure.
You occasionally shout uncontrollably at your foes.


Message History

Your +4 ring of slaying melds into your body.
The ring of Qereum {Str+2 Int+3 Slay+4} melds into your body.
You feel less stealthy.
Unknown command.
You are engulfed in a cloud of scalding steam.
Your icy defenses dissipate!
The six-headed hydra barely misses you. The six-headed hydra bites you!
The six-headed hydra barely misses you. The six-headed hydra bites you.
The six-headed hydra bites you! The six-headed hydra misses you.
The eight-headed hydra is engulfed in a cloud of scalding steam.
The goliath frog is engulfed in a cloud of scalding steam.
Your corrupting presence corrodes the goliath frog!
The goliath frog completely misses you. Kirke gestures at you while chanting.
You feel a momentary urge to oink.
The eight-headed hydra is engulfed in a cloud of scalding steam.
The eight-headed hydra bites you. The eight-headed hydra bites you!
* * * LOW HITPOINT WARNING * * *
The eight-headed hydra completely misses you.
The eight-headed hydra bites you.
* * * LOW HITPOINT WARNING * * *
The eight-headed hydra closely misses you. x3
The eight-headed hydra bites you!
* * * LOW HITPOINT WARNING * * *
You climb upwards.
Welcome back to the Lair of Beasts!
Level annotation: 3 runed translucent doors, TimeIsEndless's ghost, journeyman FoFi
There is a staircase to the Swamp here.
Unknown command.
Unknown command.
Unknown command.
Unknown command.
Unknown command.
Unknown command.
Unknown command.
Kirke points at you and mumbles some strange words.
You struggle to resist.
The six-headed hydra bites you!
* * * LOW HITPOINT WARNING * * *
The six-headed hydra barely misses you. The six-headed hydra bites you!
You die...

###### #...#.##P..##........###++
#..#.###......#....##.......#{YW.
......#...........###...>...#{Y..
.........P#.P.....###.......#.##.
..............§P####....#...#.##.
..............§§## ##...###.#.##.
.............@§§§###.....##.#.?}[
..............§D.........##.#....
..........^..#..h##..#...##.#####
#####.#.#...##########...##......
# ####...## ##..####.#P#P #
##...####### #....# ###### #
##..#.#.#.###....######## #
##...............##..##.. #
#######........................
###.##.P##..........<............
..................######.........


You could see Kirke and a six-headed hydra (corroded).

Vanquished Creatures
  An orc warlord (Orc:2)
  A frost giant (IceCv)
  Nessos (D:13)
  A dire elephant (Lair:6)
  A minotaur (Gauntlet)
  A bunyip (Swamp:1)
  Snorg (Orc:2)
  Josephine (D:15)
  Fannar (D:10)
  3 boulder beetles
  7 hydras
  2 naga warriors (Snake:1)
  A death knight (D:13)
  2 centaur warriors (D:14)
  An anaconda (shapeshifter) (Gauntlet)
  2 anacondas (Snake:1)
  3 two-headed ogres
  2 death scarabs (Gauntlet)
  2 alligators (Swamp:1)
  12 death yaks
  A tengu warrior (D:14)
  A shock serpent (Snake:1)
  2 naga sharpshooters (Snake:1)
  2 orc high priests (Orc:2)
  A sun demon (Lair:6)
  Sonja (D:11)
  A spectral death yak (Gauntlet)
  7 skeletal warriors
  A goliath frog (Swamp:1)
  A sea snake (Snake:1)
  A naga ritualist (Snake:1)
  A spectral hydra (Gauntlet)
  A wizard (Lair:6)
  5 orc knights
  Pikel (D:5)
  A deep elf pyromancer (D:14)
  2 ugly things
  4 orc sorcerers
  4 cyclopes
  3 mana vipers (Snake:1)
  A moth of wrath (Gauntlet)
  A salamander (shapeshifter) (D:14)
  A will-o-the-wisp (Lair:2)
  A guardian serpent (shapeshifter) (D:14)
  An ice statue (IceCv)
  17 elephants
  A black mamba (shapeshifter) (D:15)
  A guardian serpent (Snake:1)
  Joseph (D:10)
  16 black mambas
  15 cane toads
  A torpor snail (Lair:5)
  A cane toad (shapeshifter) (D:13)
  2 gargoyles (D:12)
  An unseen horror (D:9)
  7 rime drakes
  2 freezing wraiths (D:15)
  3 ice devils (Lair:6)
  A hellwing (Lair:6)
  4 komodo dragons
  A burning bush (Lair:1)
  3 red devils (Lair:6)
  A queen bee (Lair:3)
  A hornet (D:9)
  3 meliai (D:15)
  15 polar bears
  Grinder (D:6)
  7 trolls
  5 dream sheep (Lair:4)
  18 blink frogs (Lair:6)
  12 slime creatures
  3 centaur simulacra
  3 shadows
  6 wraiths (D:15)
  5 hogs (Swamp:1)
  73 yaks
  Sigmund (D:2)
  3 basilisks
  2 wyverns
  Grum (D:11)
  A yak (shapeshifter) (Gauntlet)
  2 steam dragons
  Eustachio (D:5)
  2 vampire mosquitoes (D:11)
  Edmund (D:6)
  Menkaure (D:7)
  4 nagas (Snake:1)
  3 wargs
  3 acid dragons
  2 hell hounds (Lair:6)
  21 water moccasins
  30 orc warriors
  2 black bears
  A sky beast (D:6)
  An ice beast (D:6)
  A necrophage (D:8)
  9 ogres
  37 wolves
  5 centaurs
  2 phantoms (D:4)
  A lemure (D:5)
  5 kobold brigands
  A gnoll sergeant (D:7)
  12 bullfrogs
  4 scorpions
  A water moccasin zombie (D:5)
  A water moccasin skeleton (D:7)
  15 killer bees (Lair:3)
  9 electric eels
  7 wights
  3 howler monkeys
  9 centaur zombies
  A bullfrog zombie (D:6)
  A jelly (D:6)
  12 orc priests
  A bullfrog skeleton (D:4)
  A centaur skeleton (D:6)
  5 iguanas
  A gnoll shaman (D:10)
  Natasha (twice) (D:4)
  22 orc wizards
  A hell rat (D:8)
  11 gnolls
  6 adders
  9 river rats (D:8)
  2 shadow imps
  A white imp (D:8)
  2 ufetubi
  A worm (D:3)
  62 orcs
  3 bats
  4 endoplasms
  5 giant cockroaches
  6 hobgoblins
  3 jackals (D:2)
  12 quokkas
  7 ball pythons
  3 goblins
  44 kobolds
  22 rats
  A bush (Lair:5)
777 creatures vanquished.

Vanquished Creatures (collateral kills)
  2 dancing weapons (D:14)
  24 foxfires
26 creatures vanquished.

Vanquished Creatures (others)
  3 wolves (IceCv)
  5 bushes
  1986 foxfires
  47 fungi
  106 plants
  5 withered plants (D:2)
2152 creatures vanquished.

Grand Total: 2955 creatures vanquished

Notes
Turn   | Place    | Note
-------+----------+-------------------------------------------
     0 | D:1      | Morbidden the Demonspawn Fire Elementalist began the quest
                  | for the Orb.
     0 | D:1      | Reached XP level 1. HP: 13/13 MP: 3/3
    51 | D:1      | Gained mutation: Spells you cast may paralyse adjacent
                  | enemies. [demonic ancestry]
    51 | D:1      | Reached XP level 2. HP: 19/19 MP: 0/5
   359 | D:1      | Learned a level 2 spell: Scorch
  1267 | D:2      | Gained mutation: You have an unusually large brain. (Int
                  | +2) [demonic ancestry]
  1267 | D:2      | Reached XP level 3. HP: 24/24 MP: 2/6
  1567 | D:2      | Reached skill level 1 in Fighting
  1615 | D:2      | Found a faded altar of an unknown god.
  1617 | D:2      | Noticed Sigmund
  2040 | D:2      | You fall into a shaft and drop 2 floors!
  2040 | D:4      | Noticed a black bear
  2046 | D:4      | Killed a black bear
  2047 | D:4      | Gained mutation: You have an extremely huge brain. (Int +4)
                  | [demonic ancestry]
  2047 | D:4      | Reached XP level 4. HP: 32/32 MP: 5/8
  2047 | D:4      | Gained mutation: A meltable shield of frost defends you.
                  | (SH +0) [demonic ancestry]
  2047 | D:4      | Reached XP level 5. HP: 37/37 MP: 5/9
  2124 | D:4      | Reached skill level 3 in Spellcasting
  2286 | D:4      | Noticed a phantom
  2529 | D:3      | Found Jooj's Antique Weapon Shop.
  3079 | D:3      | Learned a level 3 spell: Vampiric Draining
  3084 | D:3      | Learned a level 4 spell: Flame Wave
  3930 | D:2      | Killed Sigmund
  3931 | D:2      | Gained mutation: A meltable icy envelope protects you from
                  | harm. (AC +0) [demonic ancestry]
  3931 | D:2      | Reached XP level 6. HP: 43/43 MP: 0/11
  4322 | D:4      | Reached skill level 1 in Necromancy
  4329 | D:4      | Reached skill level 4 in Spellcasting
  4331 | D:4      | Gained mutation: You have an absolutely massive brain. (Int
                  | +6, Wiz) [demonic ancestry]
  4331 | D:4      | Reached XP level 7. HP: 39/49 MP: 2/13
  4552 | D:4      | Reached skill level 1 in Short Blades
  4612 | D:4      | Learned a level 4 spell: Airstrike
  4804 | D:4      | Noticed Natasha
  4808 | D:4      | Killed Natasha
  4840 | D:4      | Noticed Natasha
  4845 | D:4      | Killed Natasha
  5228 | D:5      | Entered Level 5 of the Dungeon
  5285 | D:5      | Reached skill level 5 in Fire Magic
  5465 | D:5      | Found a staircase to the Ecumenical Temple.
  5491 | Temple   | Entered the Ecumenical Temple
  5905 | Temple   | Became a worshipper of Vehumet
  6152 | D:5      | Reached skill level 1 in Armour
  6279 | D:5      | Noticed Eustachio
  6340 | D:5      | Reached skill level 1 in Air Magic
  6615 | D:5      | Killed Eustachio
  6616 | D:5      | Reached XP level 8. HP: 50/57 MP: 4/15
  6820 | D:5      | Noticed Pikel
  6854 | D:5      | Killed Pikel
  6855 | D:5      | Reached skill level 5 in Spellcasting
  6988 | D:5      | Found an iron altar of Okawaru.
  6998 | D:5      | Found a burning altar of Makhleb.
  7418 | D:6      | Gained mutation: Spells you cast may paralyse nearby
                  | enemies. [demonic ancestry]
  7418 | D:6      | Reached XP level 9. HP: 57/64 MP: 7/17
  7640 | D:6      | Reached * piety under Vehumet
  7640 | D:6      | Offered knowledge of Freeze by Vehumet.
  7655 | D:6      | Noticed Grinder
  7662 | D:6      | Killed Grinder
  7723 | D:6      | Found a runed translucent door.
  7724 | D:6      | Noticed Crazy Yiuf
  7877 | D:6      | Noticed Edmund
  7885 | D:6      | Killed Edmund
  7944 | D:6      | Reached skill level 6 in Spellcasting
  8187 | D:6      | Found Wuets's Assorted Antiques.
  8197 | D:6      | Bought a scroll labelled CEIDOE AVVU for 27 gold pieces
  8197 | D:6      | Bought a scroll labelled QIRPHA TEYBUOSU for 27 gold pieces
  8197 | D:6      | Bought a scroll labelled QIRPHA TEYBUOSU for 27 gold pieces
  8197 | D:6      | Bought a scroll labelled WISIR GIEH NUE for 27 gold pieces
  8702 | D:7      | Reached ** piety under Vehumet
  8702 | D:7      | Offered knowledge of Searing Ray by Vehumet.
  8764 | D:7      | Identified 2 scrolls of acquirement
  8764 | D:7      | Acquired 877 gold pieces
  8774 | D:7      | Acquired a +6 ring of strength
  8940 | D:7      | Noticed Menkaure
  8947 | D:7      | Killed Menkaure
  9422 | D:8      | Noticed a troll
  9437 | D:8      | Killed a troll
  9438 | D:8      | Reached XP level 10. HP: 62/71 MP: 11/19
  9720 | D:8      | Offered knowledge of Static Discharge by Vehumet.
  9731 | D:8      | Noticed a cyclops
  9755 | D:8      | Killed a cyclops
  9756 | D:8      | Reached skill level 5 in Conjurations
  9798 | D:8      | Reached *** piety under Vehumet
  9895 | D:8      | Offered knowledge of Ignite Poison by Vehumet.
 10038 | D:8      | Reached skill level 7 in Spellcasting
 10588 | D:9      | Reached skill level 5 in Necromancy
 11134 | D:9      | Found a staircase to the Orcish Mines.
 11183 | D:9      | Reached **** piety under Vehumet
 11402 | D:9      | Found a staircase to the Lair.
 11632 | Lair:1   | Entered Level 1 of the Lair of Beasts
 11637 | Lair:1   | Gained mutation: You have a pair of small antennae on your
                  | head. [demonic ancestry]
 11637 | Lair:1   | Reached XP level 11. HP: 78/78 MP: 9/22
 11771 | Lair:1   | Offered knowledge of Dazzling Flash by Vehumet.
 11772 | Lair:1   | Reached skill level 8 in Spellcasting
 12117 | Lair:1   | Found a large runed translucent door.
 12117 | Lair:1   | Found a large runed translucent door.
 12119 | Lair:1   | Noticed Goom's ghost (journeyman OgBe)
 12383 | Lair:2   | Reached skill level 5 in Fighting
 12707 | Lair:2   | Noticed a five-headed hydra
 12710 | Lair:2   | Found a runed translucent gate.
 12710 | Lair:2   | Noticed a boulder beetle
 12770 | Lair:2   | Reached skill level 5 in Short Blades
 12770 | Lair:2   | Reached skill level 5 in Air Magic
 12777 | Lair:2   | Reached skill level 9 in Spellcasting
 12854 | Lair:2   | Got the Disquisition on the Ashen Snowflakes
 12916 | Lair:2   | Gained mutation: Your presence sometimes corrodes those you
                  | injure. [demonic ancestry]
 12916 | Lair:2   | Reached XP level 12. HP: 80/86 MP: 12/25
 13039 | Lair:2   | Found a staircase to the Snake Pit.
 13114 | Lair:2   | Reached skill level 1 in Shields
 13124 | Lair:2   | Found a staircase to the Swamp.
 13213 | Lair:2   | Noticed TimeIsEndless's ghost (journeyman FoFi)
 13223 | Lair:2   | Found a runed translucent gate.
 13223 | Lair:2   | Found a runed translucent gate.
 13752 | Lair:3   | Reached ***** piety under Vehumet
 13862 | Lair:3   | Offered knowledge of Eringya's Noxious Bog by Vehumet.
 14402 | Lair:4   | Found a frozen archway.
 14410 | IceCv    | Entered an ice cave
 14690 | IceCv    | Reached skill level 10 in Spellcasting
 14740 | IceCv    | Reached skill level 10 in Fire Magic
 14952 | IceCv    | Reached XP level 13. HP: 93/93 MP: 27/27
 15326 | IceCv    | Noticed a frost giant
 15449 | IceCv    | Killed a frost giant
 15942 | IceCv    | Offered knowledge of Iron Shot by Vehumet.
 16158 | IceCv    | Identified the amulet of Qyid {Spirit *Slow rCorr MP+9
                  | Stlth-}
 17698 | Lair:5   | Acquired a +5 quick blade
 17700 | Lair:5   | Acquired Kieny's Guide on Damaging Execration
 17702 | Lair:5   | Acquired a Necronomicon
 17713 | Lair:5   | Learned a level 8 spell: Necromutation
 17752 | Lair:6   | Entered Level 6 of the Lair of Beasts
 18074 | Lair:6   | Reached skill level 1 in Transmutations
 18075 | Lair:6   | Reached skill level 11 in Spellcasting
 18088 | Lair:6   | Gained mutation: You have a pair of antennae on your head.
                  | [demonic ancestry]
 18088 | Lair:6   | Reached XP level 14. HP: 75/103 MP: 29/29
 18176 | Lair:6   | Found a viscous altar of Jiyva.
 18176 | Lair:6   | Found a staircase to the Slime Pits.
 18258 | Lair:6   | Identified the +0 leather armour of Tiefeug {Str-5 Int+4
                  | Dex+4 Stlth+}
 18748 | Lair:6   | Offered knowledge of Spellforged Servitor by Vehumet.
 19056 | Lair:6   | Found a burning altar of Makhleb.
 20010 | Lair:6   | Found a gateway to Hell.
 20029 | Lair:6   | Got the Guide on Creation and Dislocation
 20229 | D:10     | Entered Level 10 of the Dungeon
 20301 | D:10     | Found a flagged portal.
 20306 | D:10     | Identified the +0 hand axe of Ashenzari's Hatred {pain,
                  | rPois Int+6}
 20317 | Bailey   | Entered a bailey
 20521 | Bailey   | Found a burning altar of Makhleb.
 21216 | D:10     | Noticed Fannar
 21222 | D:10     | Killed Fannar
 21418 | D:10     | Noticed Joseph
 21428 | D:10     | Killed Joseph
 21846 | D:11     | Found a gate leading to a gauntlet.
 21859 | D:11     | Acquired 984 gold pieces
 21865 | Gauntlet | Entered a Gauntlet
 21865 | Gauntlet | Found a transporter.
 21865 | Gauntlet | Found a transporter.
 21875 | Gauntlet | Found a transporter.
 21875 | Gauntlet | Found a transporter.
 21911 | Gauntlet | Found a transporter.
 21919 | Gauntlet | Found a transporter.
 21923 | Gauntlet | Found a transporter.
 21930 | Gauntlet | Found a runed translucent door.
 21933 | Gauntlet | Found a transporter.
 21947 | Gauntlet | Found a transporter.
 21961 | Gauntlet | Found a transporter.
 21965 | Gauntlet | Found a transporter.
 21976 | Gauntlet | Found a transporter.
 22131 | Gauntlet | Identified the +2 cloak of the Furrier {*Corrode rC+ rN++
                  | Slay-4}
 22194 | Gauntlet | Learned a level 7 spell: Spellforged Servitor
 22225 | Gauntlet | Identified the +4 shortbow "Caoxarcha" {speed, rElec rN+}
 22225 | Gauntlet | Identified the amulet "Deczyob" {Acrobat Dex+3}
 22256 | Gauntlet | Reached skill level 12 in Spellcasting
 22450 | D:11     | Reached XP level 15. HP: 108/109 MP: 31/31
 22490 | D:11     | Noticed Grum
 22491 | D:11     | Noticed Sonja
 22496 | D:11     | Killed Sonja
 22497 | D:11     | Reached skill level 1 in Summonings
 22500 | D:11     | Killed Grum
 22935 | D:12     | Offered knowledge of Ozocubu's Refrigeration by Vehumet.
 24560 | D:13     | Noticed Nessos
 24575 | D:13     | Killed Nessos
 24935 | D:14     | Reached skill level 5 in Dodging
 25175 | D:14     | Found a gate to the Vaults.
 25952 | D:15     | Entered Level 15 of the Dungeon
 25999 | D:15     | Noticed Josephine
 26005 | D:15     | Offered knowledge of Freezing Cloud by Vehumet.
 26007 | D:15     | Killed Josephine
 26106 | D:15     | Found a shimmering altar of Xom.
 26293 | D:9      | Identified the ring of the Okapi {rF+ Int+6}
 26304 | D:9      | Identified the +0 robe of Gozag's Regard {Harm}
 26552 | D:15     | Reached ****** piety under Vehumet
 26833 | D:15     | Found a shimmering altar of Xom.
 26835 | D:15     | Found a shimmering altar of Xom.
 26835 | D:15     | Found a shimmering altar of Xom.
 26835 | D:15     | Found a shimmering altar of Xom.
 26840 | D:15     | Found a shimmering altar of Xom.
 26840 | D:15     | Found a shimmering altar of Xom.
 27379 | Orc:1    | Entered Level 1 of the Orcish Mines
 27646 | Orc:2    | Entered Level 2 of the Orcish Mines
 27713 | Orc:2    | Paralysed by an orc sorcerer for 3 turns
 27865 | Orc:2    | Noticed an orc warlord
 27889 | Orc:2    | Killed an orc warlord
 28053 | Orc:2    | Noticed Snorg
 28060 | Orc:2    | Killed Snorg
 28265 | Orc:2    | Found Vipaon Ohaid's General Store.
 28349 | Orc:2    | Offered knowledge of Irradiate by Vehumet.
 28351 | Orc:2    | Gained mutation: You occasionally shout uncontrollably at
                  | your foes. [a neqoxec]
 28354 | Orc:2    | Gained mutation: Your presence sometimes corrodes or
                  | deforms those you injure. [demonic ancestry]
 28354 | Orc:2    | Reached XP level 16. HP: 79/119 MP: 15/32
 28547 | Orc:2    | Found a staircase to the Elven Halls.
 28693 | Orc:2    | Found Yklec's Antique Armour Shop.
 28708 | Orc:2    | Found Beypox's Antique Weapon Shop.
 28732 | Orc:2    | Found Mirauxumm's Jewellery Shop.
 28982 | Orc:2    | Bought the ring of Qereum {Str+2 Int+3 Slay+4} for 1432
                  | gold pieces
 29496 | Snake:1  | Entered Level 1 of the Snake Pit
 29511 | Snake:1  | Reached skill level 1 in Long Blades
 29540 | Snake:1  | Reached skill level 10 in Conjurations
 29631 | Snake:1  | Reached skill level 10 in Necromancy
 30029 | Snake:1  | Noticed Mlioglotl
 30029 | Snake:1  | Noticed Aizul
 30093 | Swamp:1  | Entered Level 1 of the Swamp
 30102 | Swamp:1  | Reached skill level 13 in Spellcasting
 30110 | Swamp:1  | Noticed Kirke
 30220 | Lair:2   | Slain by a six-headed hydra

Illustrated notes

Levels and vault maps discovered:
D:1:      dpeg_arrival_boxes_within_box, layout_loops_ring, chequers_garden
D:2:      layout_loops_ring, ebering_ecumenical_altar_petrified, uniq_sigmund
D:3:      layout_basic, serial_shops, shop
D:4:      layout_cave_pods, uniq_natasha
D:5:      layout_basic, amethyst_overflow_temple_binary,
          minmay_temple_entry_junction, uniq_eustachio, uniq_pikel
D:6:      layout_cave_pools, elyvilon_altar_3, serial_bayou,
          serial_bayou_pond_e, serial_bayou_shore_a, serial_bayou_pond_a,
          serial_bayou_lagoon_b, serial_shops, shop, grunt_ministairs_12,
          uniq_edmund, uniq_grinder, uniq_crazy_yiuf_cottage
D:7:      layout_rooms, uniq_menkaure
D:8:      lemuel_ratsnest, layout_basic, chequers_big_river
D:9:      layout_cave_pods, grunt_lair_entry_orc_guard_hut,
          nicolae_straight_to_the_point
D:10:     layout_grid_maze, mainiacjoe_overflow_24_doors, enter_bailey_2,
          uniq_joseph, uniq_fannar
D:11:     layout_rooms, gauntlet_entry_generic, statue_in_the_mist_lemuel,
          uniq_sonja, uniq_grum
D:12:     layout_cave_pools
D:13:     layout_roguey, serial_rivers, chequers_serial_rivers_micro_c,
          chequers_serial_rivers_micro_a, chequers_serial_rivers_small_a,
          chequers_serial_rivers_micro_e, uniq_nessos
D:14:     layout_rooms, erik_vaults_1, nicolae_tso_swordbearing_angel
D:15:     grunt_enter_depths_hoard, layout_basic, nicolae_gozag_seed_capital,
          nicolae_xom_altar_mimics, uniq_louise, uniq_josephine
Temple:   hc_temple_tempest_star
Lair:1:   layout_chaotic_city, ebering_ghost_disaster_area, serial_bayou_pond_e,
          st_stairs_9, chequers_serial_rivers_micro_b, evilmike_ambush
          [evilmike_ambush_outer_basic, evilmike_ambush_inner_basic]
Lair:2:   layout_chaotic_city, swamp_mist, minmay_snake_entry_six_corridors,
          gammafunk_ghost_split, st_stairs_6, hibernation_bobbens,
          lemuel_fruit_fields
Lair:3:   layout_roguey, special_room [special_room_bee],
          infiniplex_staircase_pool
Lair:4:   layout_roguey, portal_ice_cave_entry_pillars_2
Lair:5:   layout_roguey
Lair:6:   evil_forest, layout_regular_city, slime_altar_1,
          grunt_forest_small_clearings, serial_bayou_pond_c
Swamp:1:  layout_falls_marsh, wheals_swamp_sinkhole, nicolae_island_escapes,
          uniq_kirke
Snake:1:  layout_rooms, minmay_snake_pond, uniq_mlioglotl, uniq_aizul
Orc:1:    layout_caves, basic_altar
Orc:2:    grunt_orc_cross, layout_diamond_mine, uniq_snorg

Skill      XL: |  1  2  3  4  5  6  7  8  9 10 11 12 13 14 15 16 |
---------------+-------------------------------------------------+-----
Dodging        | 2 3 4 5 |  5.8
Fire Magic     | 3 4 5 7 8 9 10 11 12 | 12.1
Fighting       | 1 2 3 4 5 6 7 8 9 |  9.0
Stealth        | 2 3 4 |  4.6
Spellcasting   | 3 4 5 6 7 9 10 11 12 13 | 13.0
Conjurations   | 2 3 4 5 6 7 8 9 10 | 10.2
Necromancy     | 1 2 4 5 6 7 8 9 10 | 10.1
Short Blades   | 1 2 3 4 5 6 7 8 |  8.0
Armour         | 1 2 3 |  3.8
Air Magic      | 1 2 3 4 5 6 7 8 |  8.2
Shields        | 1 2 |  2.9
Transmutations | 1 3 4 |  4.6
Summonings     | 2 3 |  3.6
Long Blades    | 1 |  1.8

Action                   |  1- 3 |  4- 6 |  7- 9 | 10-12 | 13-15 | 16-18 || total
-------------------------+-------+-------+-------+-------+-------+-------++-------
Melee: Unarmed           |     2 |       |       |       |       |       ||     2
       Dagger            |     9 |    20 |    54 |    82 |   125 |       ||   290
       Quick blade       |       |       |       |       |   139 |    34 ||   173
 Cast: Foxfire           |    54 |    69 |   199 |   356 |   481 |    34 ||  1193
       Scorch            |     4 |    10 |    27 |    71 |   132 |    10 ||   254
       Flame Wave        |       |       |    23 |    57 |   105 |    16 ||   201
       Airstrike         |       |       |       |     4 |    35 |     8 ||    47
       Vampiric Draining |       |       |       |       |     7 |       ||     7
Evoke: Phantom mirror    |       |       |       |       |     1 |       ||     1
       Wand              |       |       |       |       |     1 |       ||     1
  Use: Potion            |       |     1 |       |       |     9 |     1 ||    11
       Scroll            |       |       |    14 |     5 |    31 |       ||    50
 Stab: Paralysed         |     6 |     4 |     6 |    17 |    36 |       ||    69
       Sleeping          |       |     2 |       |     2 |       |       ||     4
       Distracted        |       |       |       |       |       |     2 ||     2
Armor: Robe              |       |     5 |       |       |       |       ||     5
       Skin              |       |     3 |       |       |       |       ||     3
       Leather armour    |       |       |    35 |       |       |       ||    35
       Steam dragon scal |       |       |    16 |       |       |       ||    16
       Troll leather arm |       |       |       |    58 |   124 |    16 ||   198
Dodge: Dodged            |    10 |     7 |    53 |    59 |   133 |    30 ||   292
Block: Other             |       |     1 |    14 |    10 |       |       ||    25
       Kite shield       |       |       |       |    79 |   298 |    33 ||   410

Table legend: (Time is in decaauts)
 A = Elapsed time spent in this place.
 B = Non-inter-level travel time spent in this place.
 C = Inter-level travel time spent in this place.
 D = Time resting spent in this place.
 E = Time spent auto-exploring this place.
 F = Levels seen in this place.
 G = Mean time per level.
                   A        B        C        D        E       F      G
               +--------+--------+--------+--------+--------+-----+--------+
         Total |  30210 |  28341 |   1869 |   4433 |  18443 |  29 | 1041.7 |
       Dungeon |  17631 |  16239 |   1392 |   2264 |  11197 |  15 | 1175.4 |
        Temple |    426 |    385 |     41 |      0 |    366 |   1 |  426.0 |
          Lair |   6972 |   6626 |    346 |    927 |   4374 |   6 | 1162.0 |
         Swamp |     25 |     25 |      0 |      0 |      0 |   1 |   25.0 |
     Snake Pit |    550 |    550 |      0 |    207 |    197 |   1 |  550.0 |
  Orcish Mines |   2017 |   1930 |     87 |    248 |   1348 |   2 | 1008.5 |
        Bailey |    287 |    287 |      0 |      6 |    122 |   1 |  287.0 |
      Ice Cave |   1803 |   1803 |      0 |    698 |    670 |   1 | 1803.0 |
      Gauntlet |    496 |    496 |      0 |     82 |    169 |   1 |  496.0 |
               +--------+--------+--------+--------+--------+-----+--------+

Top non-repeatable levels by time:
  Lair:6: 2083 daAuts
   IceCv: 1803 daAuts
     D:1: 1667 daAuts
  Lair:2: 1533 daAuts
     D:6: 1470 daAuts
   Orc:2: 1460 daAuts
     D:5: 1450 daAuts
    D:10: 1448 daAuts
    D:13: 1446 daAuts
     D:4: 1296 daAuts
     D:8: 1249 daAuts
     D:3: 1175 daAuts
     D:9: 1152 daAuts
     D:2: 1089 daAuts
  Lair:5: 1043 daAuts
